 Dungeon Crawl Stone Soup version 0.24-a0-201-gf205589 (webtiles) character file.

Game seed: 14016538749473855131

1316 Borgoz the Cutter (level 8, -11/48 HPs)
             Began as a Kobold Gladiator on Mar 24, 2019.
             Was an Initiate of Ashenzari.
             Mangled by an orc warrior
             ... wielding a +0 short sword
              (12 damage)
             ... on level 6 of the Dungeon.
             The game lasted 00:09:47 (7330 turns).

Borgoz the Cutter (Kobold Gladiator)                Turns: 7330, Time: 00:09:47

Health: -11/48     AC: 13    Str: 12    XL:     8   Next: 89%
Magic:  8/8        EV: 18    Int: 10    God:    Ashenzari [......]
Gold:   221        SH:  0    Dex: 17    Spells: 7/7 levels left

rFire    . . .     SeeInvis .   a - +0 rapier
rCold    . . .     Gourm    .   (shield restricted)
rNeg     + . .     Faith    .   H - +2 leather armour {rPois}
rPois    +         Spirit   .   c - +0 helmet
rElec    .         Reflect  .   (no cloak)
rCorr    .         Harm     .   (no gloves)
MR       .....                  h - +0 pair of boots
Stlth    +++.......             (no amulet)
HPRegen  0.16/turn              q - +6 ring of protection (curse)
MPRegen  0.11/turn              b - ring of positive energy

@: no status effects
A: small, carnivore
a: Curse Item, Renounce Religion


You were on level 6 of the Dungeon.
You worshipped Ashenzari.
Ashenzari was noncommittal.
You were completely stuffed.

You visited 2 branches of the dungeon, and saw 7 of its levels.

You collected 221 gold pieces.

Inventory:

Hand Weapons
 a - a +0 rapier (weapon)
 F - a +0 hand crossbow
Missiles
 d - 2 throwing nets (quivered)
 j - 20 poisoned needles
 n - 16 curare-tipped needles
 o - 49 bolts
 x - 3 needles of confusion
Armour
 c - a +0 helmet (worn)
 h - a +0 pair of boots (worn)
 s - a +0 scale mail
 H - a +2 leather armour of poison resistance (worn)
Jewellery
 b - a ring of positive energy (right hand)
 q - a cursed +6 ring of protection (left hand)
 C - the ring "Baovvuerch" {+Fly rElec rC+ Int-3 Dex+4}
   (You found it on level 5 of the Dungeon)

   [ring of protection from cold]

   It affects your intelligence (-3).
   It affects your dexterity (+4).
   It protects you from cold.
   It insulates you from electricity.
   It lets you fly.
Wands
 u - a wand of flame (22)
Scrolls
 i - 2 scrolls of random uselessness {unknown}
 k - a scroll of blinking {unknown}
 l - 5 scrolls of magic mapping {unknown}
 p - a scroll of fog {unknown}
 t - a scroll of immolation {unknown}
 w - a scroll of remove curse
 y - 3 scrolls of teleportation {unknown}
 B - 2 scrolls of enchant weapon {unknown}
 D - 2 scrolls of fear {unknown}
 G - a scroll of summoning {unknown}
Potions
 e - a potion of curing
 g - a potion of agility
 m - a potion of invisibility
 z - 2 potions of might
 A - 2 potions of brilliance
 E - a potion of mutation
Comestibles
 f - 8 rations


   Skills:
 + Level 4.7 Fighting
 + Level 6.4 Short Blades
 + Level 4.5 Throwing
 * Level 4.3 Armour
 + Level 5.8 Dodging
 + Level 5.3 Stealth


You had 7 spell levels left.
You didn't know any spells.
Your spell library was empty.

Dungeon Overview and Level Annotations

Branches:
Dungeon (6/15)             Temple (1/1) D:4

Altars:
Ashenzari
Cheibriados
Dithmenos
Elyvilon
Fedhas
Gozag
Hepliaklqana
Kikubaaqudgha
Makhleb
Okawaru
Qazlal
Ru
Sif Muna
Trog
Uskayaw
Vehumet
Wu Jian
Xom
Yredelemnul
Zin
The Shining One


Innate Abilities, Weirdness & Mutations

You are small and have problems with some larger weapons.
You are carnivorous and can eat meat at any time.


Message History

The orc warrior completely misses you.
You feel better.
The orc warrior hits you with a +0 short sword.
You hit the orc warrior but do no damage.
The orc warrior is heavily wounded.
The orc warrior hits you with a +0 short sword.
You completely miss the orc warrior.
The orc warrior is heavily wounded.
The orc warrior closely misses you.
You closely miss the orc warrior.
The orc warrior is heavily wounded.
The orc warrior hits you with a +0 short sword!
* * * LOW HITPOINT WARNING * * *
Okay, then.
Okay, then.
Okay, then.
Okay, then.
It was a potion of magic.
Magic courses through your body.
The orc warrior hits you with a +0 short sword!
You die...

............######.##############
......##....................>....
#..<...###..###..###############.
#......[........##### #.
....###).....#......# #.
#........##...)####.# #.
#...####.#####...##.###### #.
#...# #.#######o##......## #.
#...# #....# #@#######..# #.
#....# ####o# #.### ##.######.
####.# #.# #...# #.÷...##. .. #.#
###(# #####.##. #.# #.# #.######
#.##. .# #.### #...†..# #.... .#
#...## ######.# ####. .. ###..##
.. #. ##o.### ... #.


You could see an orc warrior.

Vanquished Creatures
  Sigmund (D:5)
  2 ice beasts (D:5)
  A centaur (D:5)
  4 scorpions
  3 hounds (D:5)
  An orc priest (D:6)
  A quasit (D:5)
  4 bullfrog skeletons
  3 orc wizards
  2 worker ants
  A hound skeleton (D:5)
  A howler monkey zombie (D:5)
  4 gnolls
  14 adders
  A shadow imp (D:5)
  5 oozes
  An adder skeleton (D:4)
  A worm (D:5)
  3 dart slugs (D:2)
  6 leopard geckos
  10 orcs
  2 bats
  3 giant cockroaches
  4 goblins
  5 hobgoblins
  3 jackals (D:6)
  9 kobolds
  A quokka (D:2)
  6 rats
102 creatures vanquished.

Notes
Turn   | Place    | Note
-------+----------+-------------------------------------------
     0 | D:1      | Borgoz the Kobold Gladiator began the quest for the Orb.
     0 | D:1      | Reached XP level 1. HP: 12/12 MP: 1/1
   169 | D:1      | Found a glowing golden altar of the Shining One.
   194 | D:1      | Reached XP level 2. HP: 16/17 MP: 2/2
   805 | D:2      | Reached skill level 1 in Armour
   805 | D:2      | Reached skill level 1 in Stealth
   805 | D:2      | Reached XP level 3. HP: 9/22 MP: 3/3
  1384 | D:2      | Reached XP level 4. HP: 27/27 MP: 4/4
  2104 | D:3      | Reached XP level 5. HP: 19/31 MP: 5/5
  2870 | D:3      | Found a shadowy altar of Dithmenos.
  3620 | D:4      | Reached XP level 6. HP: 29/37 MP: 6/6
  3852 | D:4      | Reached skill level 5 in Short Blades
  4139 | D:4      | Found a bloodstained altar of Trog.
  4161 | D:4      | Found a white marble altar of Elyvilon.
  4214 | D:4      | Reached XP level 7. HP: 27/41 MP: 7/7
  4478 | D:4      | Found an ancient bone altar of Kikubaaqudgha.
  4481 | D:4      | Found a sacrificial altar of Ru.
  4484 | D:4      | Found an opulent altar of Gozag.
  4562 | D:4      | Found an iron altar of Okawaru.
  4579 | D:4      | Found a staircase to the Ecumenical Temple.
  4609 | Temple   | Entered the Ecumenical Temple
  4628 | Temple   | Became a worshipper of Ashenzari the Shackled
  4912 | D:4      | Found a radiant altar of Vehumet.
  5056 | D:5      | Entered Level 5 of the Dungeon
  5461 | D:5      | Reached skill level 5 in Dodging
  5461 | D:5      | Noticed Sigmund
  5493 | D:5      | Killed Sigmund
  5493 | D:5      | Reached XP level 8. HP: 37/48 MP: 8/8
  5500 | D:5      | Identified the ring "Baovvuerch" {+Fly rElec rC+ Int-3
                  | Dex+4}
  5763 | D:5      | Reached skill level 6 in Short Blades
  6612 | D:6      | Reached skill level 5 in Stealth
  6924 | D:6      | Found a bloodstained altar of Trog.
  7329 | D:6      | HP: 1/48 [orc warrior/+0 short sword (17)]
  7330 | D:6      | Mangled by an orc warrior

Levels and vault maps discovered:
D:1:      ncdulo_wetmaze, layout_loops_ring, minivault_19, tso_altar
D:2:      layout_basic
D:3:      layout_basic, lemuel_coloured_pillars_altar, first_ration
D:4:      layout_layer_cave, nicolae_overflow_hidden_temple,
          kennysheep_mini_moat, grunt_temple_overflow_diamond,
          minmay_temple_entry_tees, elyvilon_altar_5
D:5:      cheibrodos_iron_armory, layout_basic,
          minmay_fractal_squares_diagonal_5, uniq_sigmund
D:6:      layout_rooms, basic_altar, lightli_minifort
Temple:   eino_temple_water

Skill      XL: |  1  2  3  4  5  6  7  8 |
---------------+-------------------------+-----
Armour         | 1 2 3 4 |  4.3
Stealth        | 1 2 3 4 5 |  5.3
Dodging        | 4 5 |  5.8
Fighting       | 3 4 |  4.7
Throwing       | 3 4 |  4.5
Short Blades   | 5 6 |  6.4

Action                   |  1- 3 |  4- 6 |  7- 9 || total
-------------------------+-------+-------+-------++-------
Melee: Rapier            |    56 |   255 |   317 ||   628
Throw: Throwing net      |     1 |       |       ||     1
Invok: Curse Item        |       |       |     1 ||     1
Evoke: Wand              |       |       |     3 ||     3
  Use: Potion            |       |     1 |     5 ||     6
       Scroll            |       |       |     7 ||     7
 Stab: Sleeping          |     4 |     1 |       ||     5
       Held in net/web   |     2 |       |       ||     2
  Eat: Chunk             |    10 |     8 |    11 ||    29
Armor: Leather armour    |    11 |     7 |     2 ||    20
       Scale mail        |       |    77 |   132 ||   209
Dodge: Dodged            |    28 |   152 |   212 ||   392

Table legend:
 A = Non-vault XP
 B = Vault XP
 C = Vault XP percentage of total XP
 D = Non-vault monster count
 E = Vault monster count
 F = Vault count percentage of total count
                 A         B        C        D         E       F
            +---------+---------+-------+---------+---------+-------
      Total |    1477 |     404 |  21.5 |      98 |       4 |   3.9
            +---------+---------+-------+---------+---------+-------
        D:1 |      16 |       0 |   0.0 |       8 |       0 |   0.0
        D:2 |     146 |       0 |   0.0 |      26 |       0 |   0.0
        D:3 |     103 |       0 |   0.0 |      21 |       0 |   0.0
        D:4 |     284 |       0 |   0.0 |      10 |       0 |   0.0
        D:5 |     727 |     404 |  35.7 |      20 |       4 |  16.7
        D:6 |     201 |       0 |   0.0 |      13 |       0 |   0.0
            +---------+---------+-------+---------+---------+-------
